 Dungeon Crawl Stone Soup version 0.23-a0-644-gb60d84b (webtiles) character file.

246 Amnesiac the Ducker (level 5, -1/42 HPs)
             Began as a Spriggan Berserker on Jan 1, 2019.
             Was a Believer of Trog.
             Killed from afar by Natasha (7 damage)
             ... with a magic dart
             ... on level 4 of the Dungeon.
             The game lasted 00:05:00 (2377 turns).

Amnesiac the Ducker (Spriggan Berserker)            Turns: 2377, Time: 00:05:01

Health: -1/42      AC: 22    Str: 13 (14) XL:     5   Next: 84%
Magic:  6/6        EV:  4    Int:  6 (9)  God:    Trog [**....]
Gold:   114        SH:  0    Dex: 14 (15) Spells: 4/4 levels left

rFire    . . .     SeeInvis +   a - +0 dagger (venom)
rCold    . . .     Gourm    .   (shield restricted)
rNeg     + + +     Faith    .   (armour currently unavailable)
rPois    +         Spirit   .   (helmet currently unavailable)
rElec    .         Reflect  .   (cloak currently unavailable)
rCorr    .         Harm     .   (gloves unavailable)
MR       .....     NoTele   +   (boots unavailable)
Stlth    ++........             (no amulet)
HPRegen  0.14/turn              (no ring)
MPRegen  0.10/turn              (no ring)

@: tree-form
A: very small, unfitting armour, see invisible, herbivore, slow metabolism 2
a: Berserk, Trog's Hand, Renounce Religion


You were on level 4 of the Dungeon.
You worshipped Trog.
Trog was pleased with you.
You were very full.
You were a tree.
You visited 1 branch of the dungeon, and saw 4 of its levels.

You collected 114 gold pieces.

Inventory:

Hand Weapons
 a - a +0 dagger of venom (weapon)
 b - a +1 short sword of holy wrath
 j - a +0 falchion
Missiles
 i - 17 poisoned needles
 n - 11 tomahawks (quivered)
Armour
 e - a +0 animal skin (melded)
Jewellery
 p - a +5 ring of strength {unknown}
Scrolls
 c - 2 scrolls of blinking {!r, unknown}
 d - 3 scrolls of teleportation {!r, unknown}
 f - 3 scrolls of remove curse {!r, unknown}
 g - 2 scrolls of fog {!r, unknown}
 k - 4 scrolls of identify {!r, unknown}
 l - a scroll of magic mapping {!r, unknown}
Potions
 h - a potion of curing {!q}
 q - a potion of heal wounds {!q, unknown}
 r - a potion of lignification {!q}
Comestibles
 o - 3 rations


   Skills:
 - Level 3.0 Fighting
 * Level 4.0 Long Blades
 + Level 6.0 Dodging
 + Level 3.7 Stealth


You had 4 spell levels left.
You didn't know any spells.
Your spell library was empty.

Dungeon Overview and Level Annotations

Branches:
Dungeon (4/15)
 Temple: D:4-7

Altars:
Dithmenos
Okawaru

Annotations:
D:4 Natasha


Innate Abilities, Weirdness & Mutations

You are very small and have problems with some larger weapons.
You are too small for most types of armour.
You have supernaturally acute eyesight. (SInv)
You are a herbivore.
((You cover ground extremely quickly.))
You need to consume almost no food.


Message History

The orc wizard is moderately wounded.
The orc wizard casts a spell at you.
You are more confused.
You bump into the rock wall.
You hit the orc but do no damage.
The orc is poisoned.
The orc wizard barely misses you. The orc wizard closely misses you.
You bump into the rock wall.
The orc wizard hits you with a +0 dagger.
The orc wizard enters a dispersal trap!
The orc blinks!
The worm blinks!
You blink.
The orc wizard blinks!
You bump into the rock wall.
The worm closely misses you.
You're too confused to move!
The orc wizard hits you with a +0 dagger.
* * * LOW HITPOINT WARNING * * *
You hit the worm but do no damage.
The worm is poisoned.
The worm bites you.
* * * LOW HITPOINT WARNING * * *
The orc closely misses you.
The orc wizard mumbles some strange words.
The orc wizard seems to speed up.
You bump into the rock wall.
The orc wizard completely misses you. The orc misses you. The worm misses you.
The orc wizard barely misses you. The orc wizard casts a spell at you.
The magic dart hits you!
* * * LOW HITPOINT WARNING * * *
The orc wizard closely misses you.
You're too confused to move!
Trog accepts your kill.
Your Long Blades skill increases to level 4!
You feel a bit more experienced.
You kill the orc wizard!
Trog accepts your kill.
Trog appreciates your killing of a magic user.
Your Dodging skill increases to level 6!
The orc hits you with a +0 dagger.
* * * LOW HITPOINT WARNING * * *
You bump into the rock wall.
You feel less confused. The worm barely misses you. The orc wizard misses you.
The orc closely misses you.
Really quaff
h - 2 dark potions {!q}?
It was a potion of curing {!q}.
You feel better.
The worm looks more healthy.
The orc wizard casts a spell at you. The magic dart hits you!
* * * LOW HITPOINT WARNING * * *
Found a scroll labeled TONGA RESAPEIF.
Natasha, Servant of Life and Death comes into view.
A worker ant comes into view.
Natasha hisses angrily.
The worker ant twitches its antennae in your direction.
The orc wizard mumbles some strange words.
The orc wizard blinks!
Found 10 arrows.
Really quaff
r - 2 viscous golden potions {!q}?
It was a potion of lignification {!q}.
You turn into a tree.
Your roots penetrate the ground.
Really quaff
m - a cyan potion {!q}?
It was a potion of degeneration {!q}.
There was something very wrong with that liquid.
You feel weakened.
You feel dopey.
You feel clumsy. Natasha casts a spell at you. The magic dart hits you!
You die...

. .(. ##. .... ... ....
#.#.h.a. ##.#... .... ###.#
. #?.♣# . .. #.####...###
..### ###.# #..###.. ...
##...##..###...
#.##..###.(##....#
#...§####.###.##.##
#..####...........########
#...o.w)#.#........##...##
#......o..........†.........


You could see Natasha.

Vanquished Creatures
  2 orc priests
  Natasha (D:4)
  An orc wizard (D:4)
  4 gnolls (D:2)
  An ooze (D:1)
  3 worms (D:2)
  3 dart slugs (D:2)
  4 leopard geckos
  11 orcs
  3 giant cockroaches
  3 goblins
  6 hobgoblins
  12 jackals
  2 kobolds
  2 bats
  5 frilled lizards
  5 rats
68 creatures vanquished.

Notes
Turn   | Place    | Note
-------+----------+-------------------------------------------
     0 | D:1      | Amnesiac the Spriggan Berserker began the quest for the
                  | Orb.
     0 | D:1      | Reached XP level 1. HP: 11/11 MP: 2/2
   204 | D:1      | Reached XP level 2. HP: 11/16 MP: 3/3
   487 | D:1      | Reached skill level 1 in Stealth
   704 | D:2      | Reached XP level 3. HP: 19/19 MP: 4/4
   712 | D:2      | Reached ** piety under Trog
   712 | D:2      | Reached skill level 5 in Dodging
   755 | D:2      | Reached XP level 4. HP: 12/23 MP: 5/5
   764 | D:2      | Found an iron altar of Okawaru.
   773 | D:2      | Found a shadowy altar of Dithmenos.
  1622 | D:3      | Reached XP level 5. HP: 23/28 MP: 6/6
  2272 | D:4      | Noticed Natasha
  2287 | D:4      | Killed Natasha
  2360 | D:4      | Reached skill level 6 in Dodging
  2373 | D:4      | Noticed Natasha
  2377 | D:4      | Killed from afar by Natasha

Vault maps used:
D:1:      eino_arrival_druids_welcome
D:2:      grunt_dithmenos_smoke_and_mirrors, first_ration,
          minmay_misc_feat_columns, okawaru_ov_weapons_minmay
D:3:      solitary_fountain
D:4:      uniq_natasha

Skill      XL: |  1  2  3  4  5 |
---------------+----------------+-----
Stealth        | 1 2 3 |  3.7
Long Blades    | 3 4 |  4.0
Dodging        | 5 6 |  6.0
Fighting       | 3 |  3.0

Action                   |  1- 3 |  4- 6 || total
-------------------------+-------+-------++-------
Melee: Short sword       |    66 |       ||    66
       Falchion          |     7 |       ||     7
       Dagger            |     9 |   163 ||   172
Invok: Berserk           |     1 |     1 ||     2
  Use: Potion            |       |     3 ||     3
 Stab: Sleeping          |     1 |     7 ||     8
  Eat: Ration            |       |     5 ||     5
Armor: Animal skin       |     5 |     3 ||     8
Dodge: Dodged            |    77 |   116 ||   193
       Rpst.: Falchion   |     3 |       ||     3

Table legend:
 A = Non-vault XP
 B = Vault XP
 C = Vault XP percentage of total XP
 D = Non-vault monster count
 E = Vault monster count
 F = Vault count percentage of total count
                 A         B        C        D         E       F
            +---------+---------+-------+---------+---------+-------
      Total |     317 |      35 |   9.9 |      67 |       1 |   1.5
            +---------+---------+-------+---------+---------+-------
        D:1 |      34 |       0 |   0.0 |      16 |       0 |   0.0
        D:2 |     159 |       0 |   0.0 |      28 |       0 |   0.0
        D:3 |      84 |       0 |   0.0 |      20 |       0 |   0.0
        D:4 |      40 |      35 |  46.7 |       3 |       1 |  25.0
            +---------+---------+-------+---------+---------+-------
